 Seeded DCSS version 0.31-a0-222-gefeffbb62a (webtiles) character file.

Game seed: 4472557389562349376 (custom seed)

4102 innerfire43 the Spear-Bearer (level 10, -1/80 HPs)
             Began as a Demonspawn Monk on July 5, 2023.
             Was a Priest of Uskayaw.
             Collided with a rock wall (10 damage)
             ... caused by Erica
             ... on level 8 of the Dungeon.
             The game lasted 00:08:30 (6639 turns).

innerfire43 the Spear-Bearer (Demonspawn Monk)      Turns: 6639, Time: 00:08:31

Health: -1/80      AC: 19    Str: 16    XL:     10   Next: 6%
Magic:  10/10      EV: 14    Int: 11    God:    Uskayaw [***...]
Gold:   201        SH:  5    Dex: 16    Spells: 9/9 levels left

rFire   + . .        c - +7 scythe (flame)
rCold   . . .        (shield currently unavailable)
rNeg    . . .        r - +4 ring mail
rPois   .            (no helmet)
rElec   .            y - +1 cloak {Stlth+}
rCorr   .            (no gloves)
SInv    .            (no boots)
Will    .....        E - amulet of reflection
Stlth   ++           v - +4 ring of protection
HPRegen 0.33/turn    (no ring)
MPRegen 0.12/turn

%: reflection
@: slowed, very slow
A: molten scales 3, demonic guardian 2, demonic touch 1
a: Renounce Religion, Stomp, Line Pass


You were on level 8 of the Dungeon.
You worshipped Uskayaw.
Uskayaw was noncommittal.
You visited 1 branch of the dungeon, and saw 8 of its levels.
You also visited: Ossuary.

You collected 433 gold pieces.
You spent 232 gold pieces at shops.

Inventory:

Hand Weapons
 a - a +0 spear
 c - a +7 scythe of flaming (weapon)
 j - a +4 quarterstaff of chaos
Armour
 b - a +0 robe
 d - an orb of light
 q - the +2 robe "Qoluh" {-Cast rElec Str+3 Dex+4}
   (You found it on level 2 of the Dungeon)

   Str:       It affects your strength (+3).
   Dex:       It affects your dexterity (+4).
   rElec:     It insulates you from electricity.
   -Cast:     It prevents spellcasting.
 r - a +4 ring mail (worn)
 t - the +3 leather armour of Tender Moments {Contam Fly rElec}
   (You found it on level 5 of the Dungeon)

   rElec:     It insulates you from electricity.
   Fly:       It grants you flight.
   Contam:    It causes magical contamination when unequipped.
 u - a +0 cloak
 y - a +1 cloak of stealth (worn)
Jewellery
 f - a ring of ice
 v - a +4 ring of protection (left hand)
 E - an amulet of reflection (around neck)
Wands
 n - a wand of flame (12)
 x - a wand of paralysis (23)
Scrolls
 e - 2 scrolls of fear
 h - 2 scrolls of teleportation
 m - a scroll of revelation
 A - a scroll of amnesia
 G - a scroll of butterflies
Potions
 g - a potion of mutation
 i - 2 potions of enlightenment
 k - 2 potions of lignification {unknown}
 l - a potion of magic
 o - a potion of curing
 p - 4 potions of degeneration
 s - 3 potions of cancellation {unknown}
 B - a potion of brilliance {unknown}
 C - a potion of berserk rage {unknown}
 F - 2 potions of attraction {unknown}


   Skills:
 + Level 8.0 Fighting
 * Level 9.8 Polearms
 + Level 7.2 Dodging


You had 9 spell levels left.
You didn't know any spells.
Your spell library contained the following spells:

 Spells                   Type           Power      Damage    Failure   Level
 Ozocubu's Armour         Ice            0%         N/A       90%         3
 Animate Dead             Necr           0%         N/A       100%        4
 Borgnjor's Vile Clutch   Necr/Erth      0%         N/A       100%        5
 Death Channel            Necr           0%         N/A       100%        6
 Ozocubu's Refrigeration  Ice            0%         4d7       100%        7


Dungeon Overview and Level Annotations

Branches:
Dungeon (8/15)             Temple (0/1) D:7         Ossuary (visited)
   Lair: D:8-11

Altars:
Ashenzari
Fedhas
Gozag
Hepliaklqana
Makhleb
Okawaru
Uskayaw
Xom
Yredelemnul

Shops:
D:2 ?   D:6 *[

Annotations:
D:8 Erica


Innate Abilities, Weirdness & Mutations

You are completely covered in molten scales. (AC +4, rF+)
A demonic guardian rushes to your aid.
Your touch may inflict minor irresistible damage on your foes.


Message History

The water moccasin barely misses you.
You barely miss the water moccasin.
You feel sick. The water moccasin bites you.
Something hits you but does no damage. The water moccasin bites you.
A demonic guardian appears!
You puncture the water moccasin! You burn the water moccasin.
The water moccasin is heavily wounded.
You feel sick. The water moccasin barely misses you.
Something barely misses you. The water moccasin barely misses you.
Something hits you but does no damage.
Uskayaw will force your foes to helplessly watch your dance.
Uskayaw prepares the audience for your solo!
The helpless water moccasin fails to defend itself.
You impale the water moccasin!! You burn the water moccasin.
You kill the water moccasin!
You feel sick. Something hits you. Something burns you.
Unknown command.
You feel sick. Something hits you.
* * * LOW HITPOINT WARNING * * *
Something burns you.
* * * LOW HITPOINT WARNING * * *
Something hits you.
* * * LOW HITPOINT WARNING * * *
Unknown command.
You feel sick.
You are no longer poisoned.
Something hits you!
* * * LOW HITPOINT WARNING * * *
There is a stone staircase leading down, spattered with blood here.
Your rust devil hits something.
Your rust devil corrodes something!
Something barely misses you.
Unknown command.
Your rust devil hits something!
Something seems to be corroded for longer.
You hear some strange, mumbled words.
A lance of force appears from out of thin air!
The lance of force hits you.
* * * LOW HITPOINT WARNING * * *
You are knocked back by the lance of force.
You slam into the rock wall!
You die...

........~.#
#..........##
...........
...<......#
..........#
?.).......#
#.##<# #
####.##?#.#
#@..{4....#
#.###.#.#.#
#.# #.###.#
#.# #.. # #..
#### ###


You could see a friendly rust devil (summoned).

Vanquished Creatures
  A boulder beetle (D:7)
  Prince Ribbit (D:7)
  Sigmund (D:3)
  Duvessa (D:6)
  5 water moccasins
  2 sky beasts
  2 ice beasts (D:6)
  An ogre (D:4)
  2 phantoms
  3 bullfrogs
  A gnoll sergeant (D:6)
  4 scorpions
  4 water moccasin zombies (Ossuary)
  Dowan (D:6)
  Crazy Yiuf (D:4)
  2 hounds
  2 orc priests (D:4)
  3 gnoll boudas (D:7)
  2 jellies
  3 iguanas
  2 orc wizards
  2 mummies (Ossuary)
  17 gnolls
  8 adders
  An ufetubus (D:4)
  7 adder zombies (Ossuary)
  2 worms (D:2)
  20 orcs
  8 ball pythons
  4 endoplasms
  4 gnoll zombies (Ossuary)
  4 goblins
  4 hobgoblins
  3 jackals (D:2)
  6 kobolds
  4 quokkas
  A bat (D:1)
  3 frilled lizards
  6 hobgoblin zombies (Ossuary)
  4 kobold zombies (Ossuary)
  3 orc zombies (Ossuary)
  A quokka zombie (D:7)
  A rat zombie (D:7)
157 creatures vanquished.

Vanquished Creatures (collateral kills)
  Grinder (D:5)
  A black bear (D:5)
  A water moccasin zombie (Ossuary)
  A hound (D:5)
  An adder zombie (Ossuary)
  A goblin (D:4)
  A kobold zombie (Ossuary)
  An orc zombie (Ossuary)
8 creatures vanquished.

Grand Total: 165 creatures vanquished

Notes
Turn   | Place    | Note
-------+----------+-------------------------------------------
     0 | D:1      | innerfire43 the Demonspawn Monk began the quest for the
                  | Orb.
     0 | D:1      | Reached XP level 1. HP: 18/18 MP: 1/1
   407 | D:1      | Gained mutation: You are partially covered in molten
                  | scales. (AC +2) [demonic ancestry]
   407 | D:1      | Reached XP level 2. HP: 24/24 MP: 2/2
   827 | D:2      | Reached skill level 3 in Polearms
   904 | D:2      | Identified the +2 robe "Qoluh" {-Cast rElec Str+3 Dex+4}
   957 | D:2      | Gained mutation: Your touch may inflict minor irresistible
                  | damage on your foes. [demonic ancestry]
   957 | D:2      | Reached XP level 3. HP: 26/29 MP: 3/3
   978 | D:2      | Found Lejaxkev's Magic Scroll Emporium.
  1423 | D:3      | Found a broken altar of Ashenzari.
  1984 | D:3      | Noticed Sigmund
  2033 | D:3      | Killed Sigmund
  2034 | D:3      | Reached skill level 4 in Polearms
  2034 | D:3      | Gained mutation: A weak demonic guardian rushes to your
                  | aid. [demonic ancestry]
  2034 | D:3      | Reached XP level 4. HP: 13/37 MP: 4/4
  2034 | D:3      | Reached XP level 5. HP: 15/42 MP: 5/5
  2516 | D:4      | Noticed a +0 falchion
  2525 | D:4      | Gained mutation: A demonic guardian rushes to your aid.
                  | [demonic ancestry]
  2525 | D:4      | Reached XP level 6. HP: 49/49 MP: 6/6
  2580 | D:4      | Noticed a +0 dagger
  2582 | D:4      | Noticed a +0 short sword
  2582 | D:4      | Noticed a +0 short sword
  2582 | D:4      | Noticed a +0 spear
  2582 | D:4      | Noticed a +0 falchion
  2583 | D:4      | Noticed a +0 dagger
  2583 | D:4      | Noticed a +0 spear
  2585 | D:4      | Found a hide-covered altar of Uskayaw.
  2608 | D:4      | Became a worshipper of Uskayaw the Reveller
  2608 | D:4      | Reached * piety under Uskayaw
  2826 | D:4      | Reached ** piety under Uskayaw
  2875 | D:4      | Reached skill level 5 in Polearms
  2877 | D:4      | Reached *** piety under Uskayaw
  3088 | D:4      | Reached **** piety under Uskayaw
  3174 | D:4      | Gained mutation: You are mostly covered in molten scales.
                  | (AC +3) [demonic ancestry]
  3174 | D:4      | Reached XP level 7. HP: 55/55 MP: 7/7
  3176 | D:4      | Found an iron altar of Okawaru.
  3400 | D:4      | Found a runed translucent door.
  3401 | D:4      | Noticed Crazy Yiuf
  3451 | D:4      | Found a hazy altar of Hepliaklqana.
  3451 | D:4      | Found a blossoming altar of Fedhas.
  3537 | D:4      | Killed Crazy Yiuf
  3585 | D:5      | Entered Level 5 of the Dungeon
  3619 | D:5      | Found a burning altar of Makhleb.
  3658 | D:5      | Found an opulent altar of Gozag.
  3682 | D:5      | Reached skill level 5 in Fighting
  3958 | D:5      | Reached skill level 6 in Polearms
  3970 | D:5      | Found a basalt altar of Yredelemnul.
  3976 | D:5      | Identified the +3 leather armour of Tender Moments {Contam
                  | Fly rElec}
  4112 | D:5      | Noticed Grinder
  4121 | D:5      | Killed Grinder
  4122 | D:5      | Reached skill level 5 in Dodging
  4123 | D:5      | Gained mutation: You are completely covered in molten
                  | scales. (AC +4, rF+) [demonic ancestry]
  4123 | D:5      | Reached XP level 8. HP: 50/64 MP: 8/8
  4440 | D:5      | Found a shimmering altar of Xom.
  4936 | D:6      | Reached skill level 7 in Polearms
  5038 | D:6      | Found Kajoyte's Serpentskin Sales.
  5186 | D:6      | Found Puoja's Antique Armour Emporium.
  5193 | D:6      | Bought a glowing cloak for 232 gold pieces
  5222 | D:6      | Reached skill level 8 in Polearms
  5222 | D:6      | Reached XP level 9. HP: 56/71 MP: 9/9
  5222 | D:6      | Reached ***** piety under Uskayaw
  5384 | D:6      | Noticed Duvessa
  5384 | D:6      | Noticed Dowan
  5387 | D:6      | Killed Duvessa
  5407 | D:6      | Killed Dowan
  5699 | D:7      | Noticed Prince Ribbit
  5708 | D:7      | Killed Prince Ribbit
  5870 | D:7      | Found a sand-covered staircase.
  5920 | Ossuary  | Entered an ossuary
  5939 | Ossuary  | Reached skill level 9 in Polearms
  6186 | D:7      | Found a staircase to the Ecumenical Temple.
  6235 | D:7      | Noticed a boulder beetle
  6256 | D:7      | Killed a boulder beetle
  6257 | D:7      | Reached XP level 10. HP: 44/80 MP: 10/10
  6615 | D:8      | Noticed Erica
  6639 | D:8      | Collided with a rock wall

Illustrated notes

Levels and vault maps discovered:
D:1:      evilmike_arrival_fibonacci_small, layout_basic, minmay_heptomino_l4
D:2:      layout_rooms, serial_shops, shop
D:3:      layout_loops_corners, cheibrodos_ashenzari_chains,
          minmay_misc_feat_five, moated_statue, uniq_sigmund
D:4:      layout_loops_corners, okawaru_altar_gauntlet_db,
          nicolae_uskayaw_en_pointe, nicolae_overflow_two_pavilions,
          uniq_crazy_yiuf_cottage
D:5:      layout_layer_cave, grunt_gozag_statues, amcnicky_altar_gilded,
          mainiacjoe_overflow_catch_the_wave, dreamdust_wishing_well,
          uniq_grinder
D:6:      layout_basic, serial_shops, nicolae_shop_gibbet_a_chance,
          fountainhead, guppyfry_shop_venom, uniq_duvessa
D:7:      layout_gridville, minmay_temple_entry_water_ring, enter_ossuary_4,
          nicolae_grassy_gnolls, uniq_prince_ribbit1
D:8:      layout_basic, lemuel_round_altar, slow_altar_1, dpeg_lair_monsters,
          minmay_misc_feat_diagonals, uniq_erica

Skill      XL: |  1  2  3  4  5  6  7  8  9 10 |
---------------+-------------------------------+-----
Polearms       | 3 4 5 6 8 9 |  9.8
Dodging        | 3 4 5 6 7 |  7.2
Fighting       | 4 5 6 7 8 |  8.0

Action                     |  1- 3 |  4- 6 |  7- 9 | 10-12 || total
---------------------------+-------+-------+-------+-------++-------
  Melee: Spear             |   162 |       |       |       ||   162
         Halberd           |       |    67 |   252 |    20 ||   339
    Use: Potion            |     3 |       |     1 |     1 ||     5
         Scroll            |       |    12 |     7 |       ||    19
   Stab: Distracted        |     1 |       |       |       ||     1
         Paralysed         |       |     1 |    11 |     1 ||    13
         Sleeping          |       |       |     4 |       ||     4
 Armour: Robe              |    15 |       |       |       ||    15
         Ring mail         |    14 |    39 |   117 |     8 ||   178
  Dodge: Dodged            |    57 |    41 |   147 |    11 ||   256
  Block: Other             |       |       |     9 |     4 ||    13
         Reflection        |       |       |     1 |       ||     1

Table legend: (Time is in decaauts)
 A = Elapsed time spent in this place.
 B = Non-inter-level travel time spent in this place.
 C = Inter-level travel time spent in this place.
 D = Time resting spent in this place.
 E = Time spent auto-exploring this place.
 F = Levels seen in this place.
 G = Mean time per level.
                   A        B        C        D        E       F      G
               +--------+--------+--------+--------+--------+-----+--------+
         Total |   6679 |   6408 |    271 |      0 |   5190 |   9 |  742.1 |
       Dungeon |   6496 |   6225 |    271 |      0 |   5109 |   8 |  812.0 |
       Ossuary |    183 |    183 |      0 |      0 |     81 |   1 |  183.0 |
               +--------+--------+--------+--------+--------+-----+--------+

Top non-repeatable levels by time:
     D:5: 1335 daAuts
     D:3: 1132 daAuts
     D:4: 1099 daAuts
     D:6: 774 daAuts
     D:1: 764 daAuts
     D:7: 758 daAuts
     D:2: 597 daAuts
 Ossuary: 183 daAuts
     D:8: 33 daAuts
